 Dungeon Crawl Stone Soup version 0.17-a0-957-ga3519be (webtiles) character file.

355078 Armakuni the Devastator (level 22, -17/144 HPs)
             Began as a Human Wizard on May 5, 2015.
             Was the Champion of Vehumet.
             Blown up by Boris (89 damage)
             ... with an orb of destruction
             ... on level 2 of the Vaults on May 7, 2015.
             The game lasted 06:52:44 (48075 turns).

Armakuni the Devastator (Human Wizard)             Turns: 48075, Time: 06:52:44

Health: -17/144    AC: 14    Str:  4      XL:     22   Next: 92%
Magic:  5/43       EV: 13    Int: 41      God:    Vehumet [******]
Gold:   2323       SH:  5    Dex:  8 (9)  Spells: 14 memorised, 1 level left

rFire  . . .     SeeInvis +     a - staff of energy
rCold  + + .     Clarity  .     O - +2 robe {Archmagi}
rNeg   + . .     SustAb   .     I - +1 buckler of Wonder {rC+}
rPois  +         Gourm    .     Q - +3 crown of Dyrovepreva {rElec Int+2 SInv}
rElec  +         Spirit   .     S - +0 cloak {+Inv}
rCorr  .         Warding  +     X - +1 pair of gloves "Fuon" {Regen+ Int+6}
rMut   .         Stasis   .     w - +2 pair of boots of Midsummer {Stlth+}
MR     ++...                    V - amulet of the Sybil {Ward rN+ MR+ Stlth+}
Stlth  ++++......               W - ring of wizardry
                                J - ring of protection from cold

@: repel missiles, very resistant to hostile enchantments, stealthy
A: molten scales 1, clumsy 1, deterioration 1, poison resistance
a: Renounce Religion, Evoke Invisibility
}: 3/15 runes: barnacled, slimy, gossamer


You were on level 2 of the Vaults.
You worshipped Vehumet.
Vehumet was exalted by your worship.
You were not hungry.

You visited 9 branches of the dungeon, and saw 45 of its levels.
You also visited: Labyrinth.

You collected 4779 gold pieces.
You spent 2456 gold pieces at shops.

Inventory:

Armour
 w - the +2 pair of boots of Midsummer (worn) {Stlth+}
   (You found it on level 13 of the Dungeon)

   It makes you more stealthy.
 I - the +1 buckler of Wonder (worn) {rC+}
   (You found it on level 13 of the Dungeon)

   It protects you from cold.
 O - a +2 robe of the Archmagi (worn)
 Q - the +3 crown of Dyrovepreva (worn) {rElec Int+2 SInv}
   (You found it on level 1 of the Shoals)

   It affects your intelligence (+2).
   It insulates you from electricity.
   It enhances your eyesight.
 S - a +0 cloak of invisibility (worn)
 X - the +1 pair of gloves "Fuon" (worn) {Regen+ Int+6}
   (You found it on level 3 of the Elven Halls)

   It affects your intelligence (+6).
   It increases your rate of regeneration.
Magical staves
 a - an uncursed staff of energy (weapon)
 s - an uncursed staff of summoning
Rods
 d - a +5 rod of destruction (10/10)
   (You took it off a deep elf sorcerer on level 3 of the Elven Halls)
 i - a +0 iron rod (13/13)
   (You took it off a minotaur in a labyrinth)
Jewellery
 A - an uncursed ring of sustain abilities
 C - an uncursed amulet of clarity
 J - a ring of protection from cold (left hand)
 K - an uncursed amulet of resist corrosion
 M - an uncursed amulet of resist mutation
 T - an uncursed ring of teleportation
 V - the amulet of the Sybil (around neck) {Ward rN+ MR+ Stlth+}
   (You found it on level 3 of the Elven Halls)

   [amulet of warding]

   It may prevent the melee attacks of summoned creatures.
   It protects you from negative energy.
   It affects your resistance to hostile enchantments.
   It makes you more stealthy.
 W - a ring of wizardry (right hand)
Magical devices
 n - a wand of hasting (3)
 t - a wand of teleportation (5)
 v - a wand of disintegration (22)
 z - a wand of hasting (2)
Scrolls
 g - 5 scrolls of fog
 o - 14 scrolls of remove curse
 B - 5 scrolls of teleportation
 D - 6 scrolls of magic mapping
 H - 6 scrolls of recharging
 N - 2 scrolls of identify
 U - a scroll of amnesia
Potions
 f - 7 potions of resistance
 h - 2 potions of cancellation
 m - 27 potions of curing
 p - 3 potions of heal wounds
 q - 3 potions of agility
 x - 2 potions of brilliance
 L - 2 potions of haste
 P - 3 potions of magic
 Y - 6 potions of ambrosia
 Z - a potion of cure mutation
Books
 b - a Grand Grimoire {highlevel}

   This book is beyond your current level of understanding.

   Spells                             Type                      Level
   a - Monstrous Menagerie            Summoning                    6
   b - Summon Greater Demon           Summoning                    7
   c - Malign Gateway                 Summoning/Translocation      7
   d - Summon Horrible Things         Summoning                    8
 r - a book of Enchantments

   Spells                             Type                      Level
   a - Cause Fear                     Hexes                        4
   b - Silence                        Hexes/Air                    5
   c - Deflect Missiles               Charms/Air                   6
   d - Haste                          Charms                       6
   e - Discord                        Hexes                        8
Miscellaneous
 j - a fan of gales
 k - a phantom mirror
Comestibles
 c - a chunk of flesh
 u - 15 meat rations
 E - 26 bread rations


   Skills:
 - Level 5.0 Fighting
   Level 4.5 Short Blades
 - Level 5.4 Dodging
 - Level 3.5 Stealth
 - Level 5.6 Shields
 - Level 17.5 Spellcasting
 + Level 18.1 Conjurations
   Level 7.7 Hexes
 - Level 8.5 Charms
 - Level 7.5 Summonings
 - Level 2.6 Translocations
 + Level 18.0 Fire Magic
 - Level 2.0 Air Magic
   Level 5.4 Earth Magic
   Level 2.0 Poison Magic
 - Level 9.2 Evocations


You had one spell level left.
You knew the following spells:

 Your Spells              Type           Power        Failure   Level  Hunger
b - Sublimation of Blood  Necr           ######....   1%          2    None
f - Fireball              Conj/Fire      ########..   0%          5    None
i - Iskenderun's Battles  Conj/Chrm      ########     1%          5    None
k - Control Teleport      Chrm/Tloc      #######...   1%          4    None
l - Flight                Chrm/Air       #######...   1%          3    None
o - Orb of Destruction    Conj           ########..   1%          7    None
p - Summon Butterflies    Summ           #######.     1%          1    None
r - Regeneration          Chrm/Necr      #######...   1%          3    None
s - Spellforged Servitor  Conj/Summ      ########..   1%          7    None
z - Apportation           Tloc           ######....   1%          1    None
B - Blink                 Tloc           N/A          1%          2    None
F - Bolt of Fire          Conj/Fire      ########..   1%          6    None
K - Ring of Flames        Chrm/Fire      ########..   1%          7    None
R - Repel Missiles        Chrm/Air       ######       1%          2    None


Dungeon Overview and Level Annotations

Branches:
Dungeon (13/15)            Temple (1/1) D:5            Lair (8/8) D:8
 Shoals (4/4) Lair:6       Spider (4/4) Lair:3        Slime (6/6) Lair:7
    Orc (4/4) D:12            Elf (3/3) Orc:3        Vaults (2/5) D:13
  Crypt (0/3) Vaults:2

Altars:
Ashenzari
Cheibriados
Dithmenos
Elyvilon
Fedhas
Gozag
Kikubaaqudgha
Makhleb
Nemelex Xobeh
Okawaru
Qazlal
Ru
Sif Muna
Trog
Vehumet
Xom
Yredelemnul
Zin
The Shining One
Jiyva

Shops:
D:6 =   D:13 *   Orc:4 !?%(}[?   Elf:3 (   Shoals:4 ?

Portals:
Pandemonium: Orc:4
Trove: D:10 (give +3 ice dragon armour)

Annotations:
D:3 Upjohns's ghost, average MiFi
D:5 Pikel
Spider:3 Mara
Vaults:2 Boris


Innate Abilities, Weirdness & Mutations

You are partially covered in molten scales (AC +1).
You are clumsy. (Dex -2)
Your body sometimes deteriorates upon taking damage.
Your system is resistant to poisons.


Message History

Boris is severely damaged.
Unknown command.
Casting: Bolt of Fire
Confirm with . or Enter, or press ? or * to list all spells.
Aiming: Fireball
Press: ? - help, Shift-Dir - straight line, f/p - Boris
Aim: Boris, wearing an embroidered robe (magical condensation, severely damaged)
You feel a surge of power!
The fireball explodes!
The fireball engulfs Boris.
Boris is severely damaged.
Your spellforged servitor conjures an orb of pure magic.
Boris conjures an orb of pure magic.
Unknown command.
Unknown command.
Casting: Fireball
Confirm with . or Enter, or press ? or * to list all spells.
You feel a surge of power!
You conjure a globe of magical energy.
Unknown command.
You swap places.
The orb of destruction hits you!
Ouch! That really hurt!
You die...

#(###+###
#...L§8.#
.)....##@##
##+#. #.*.#
# #...#
#...#
########'##
#........#
#.......(#
#........#
#........#


You could see Boris and a friendly spellforged servitor.

Vanquished Creatures
  the royal jelly (Slime:6)
  Norris (Vaults:1)
  Nikola (Elf:3)
  Arachne (Spider:2)
  Jorgrun (Elf:3)
  Asterion (Elf:1)
  3 deep elf blademasters
  3 deep elf master archers (Elf:3)
  A kraken (Shoals:4)
  18 acid blobs
  Frances (Spider:1)
  Roxanne (Spider:1)
  Ilsuiw (Shoals:3)
  Donald (Spider:1)
  9 azure jellies
  2 vault wardens
  7 deep elf sorcerers (Elf:3)
  5 emperor scorpions (Spider:4)
  2 ghost moths
  2 ironheart preservers
  6 deep elf demonologists
  A stone giant (Vaults:1)
  Nessos (Lair:7)
  10 deep elf annihilators
  Snorg (Lair:7)
  4 death oozes (Slime:6)
  2 deep elf death magi (Elf:3)
  8 merfolk javelineers
  A minotaur (Lab)
  3 deep elf high priests
  5 merfolk impalers (Shoals:4)
  2 yaktaur captains (Vaults:1)
  A fire dragon (Vaults:1)
  3 great orbs of eyes
  3 entropy weavers
  8 hydras
  An ice dragon (Vaults:1)
  An alligator snapping turtle (Shoals:2)
  2 ogre magi (Vaults:1)
  A merfolk aquamancer (Shoals:4)
  A merfolk avatar (Shoals:1)
  15 dancing weapons
  2 satyrs
  6 centaur warriors
  8 death yaks
  6 orc high priests (Orc:4)
  A small abomination (Elf:3)
  4 skeletal warriors
  An ice devil (Orc:4)
  A large abomination (Elf:3)
  An unseen horror (Vaults:1)
  15 deep elf knights
  A putrid demonspawn (Orc:4)
  8 sea snakes
  5 ironbrand convokers
  6 deep elf summoners
  4 hill giants
  3 giant orange brains
  A torturous demonspawn (Orc:4)
  20 harpies
  6 orc knights
  A phantasmal warrior (Vaults:2)
  15 ugly things
  7 orc sorcerers
  A mana viper (Lair:3)
  13 deep elf conjurers
  5 fauns (Shoals:1)
  27 wolf spiders
  4 hornets
  9 manticores
  4 shining eyes
  5 griffons
  7 cyclopes
  19 orb spiders
  9 water nymphs
  A black mamba (shapeshifter) (Vaults:2)
  A manticore (shapeshifter) (Elf:2)
  9 sirens
  5 black mambas
  2 moths of wrath
  2 drowned souls (Shoals:4)
  15 elephants
  An orange demon (Spider:1)
  2 vault sentinels (Vaults:2)
  Psyche (D:9)
  A torpor snail (Lair:6)
  6 komodo dragons
  2 eyes of devastation
  A fire drake (Lair:7)
  9 spiny frogs
  11 demonic crawlers
  A spriggan druid (Lair:8)
  4 wandering mushrooms (Lab)
  5 yaktaurs (Vaults:2)
  27 merfolk
  A queen bee (Spider:1)
  6 two-headed ogres
  12 deep elf priests
  39 jumping spiders
  3 polar bears (Lair:8)
  2 wind drakes
  5 trolls
  16 blink frogs
  10 snapping turtles
  A boulder beetle (Spider:3)
  52 slime creatures
  19 deep elf magi
  The ghost of Viceroy the Bolt Thrower, an average KoHu of Ashenzari (D:5)
  2 wyverns
  9 spriggans (Lair:8)
  A spriggan (shapeshifter) (Vaults:2)
  3 wraiths
  41 redbacks
  17 trapdoor spiders
  7 water elementals
  38 tarantellas
  49 yaks
  37 deep elf fighters
  A chaos spawn (Orc:4)
  4 golden eyes (Slime:4)
  A shadow (D:11)
  11 hippogriffs
  2 mottled dragons
  36 wolves
  A naga (Orc:4)
  2 hungry ghosts
  13 water moccasins
  A warg (Vaults:1)
  5 vampire mosquitoes
  3 sky beasts
  A soldier ant (D:5)
  9 porcupines
  Duvessa (D:5)
  39 orc warriors
  35 spiders
  11 black bears
  A necrophage (D:11)
  6 wasps
  8 centaurs
  15 ogres
  3 phantoms
  15 crocodiles
  A removed MONS_BORING_BEETLE (Lair:8)
  6 big kobolds
  6 boggarts (Vaults:1)
  5 eyes of draining
  22 giant frogs
  Dowan (D:5)
  15 killer bees
  2 scorpions
  3 wights (D:12)
  An electric eel (D:12)
  6 hounds
  3 crimson imps
  4 giant frog zombies
  2 quasits
  4 centaur zombies
  17 jellies
  30 orc priests
  27 orc wizards
  3 giant frog skeletons
  2 centaur skeletons
  9 iguanas
  18 worker ants
  14 sheep
  2 hound zombies
  A hound skeleton (D:4)
  A worker ant zombie (D:10)
  4 gnolls
  46 river rats
  16 adders
  A shadow imp (D:12)
  An adder zombie (D:8)
  3 worms
  8 giant geckos
  143 orcs
  A ball python (D:3)
  2 bat skeletons
  7 giant cockroaches
  12 goblins
  23 hobgoblins
  4 jackals
  35 kobolds
  17 bats
  A giant gecko zombie (D:5)
  4 giant newts
  3 giant spores
  5 quokkas
  A quokka skeleton (D:4)
  A quokka zombie (D:7)
  12 rats
  A ballistomycete (D:12)
  3 bushes (Lair:8)
  A crawling corpse (Elf:3)
  5 fungi
  6 plants
  A tentacle (Shoals:4)
1640 creatures vanquished.

Vanquished Creatures (collateral kills)
  4 acid blobs
  An azure jelly (Slime:6)
  A ghost moth (Spider:4)
  An emperor scorpion (Spider:4)
  A deep elf sorcerer (Elf:3)
  An ironheart preserver (Vaults:2)
  A deep elf annihilator (Vaults:2)
  2 deep elf death magi
  A merfolk impaler (Shoals:4)
  2 deep elf high priests (Elf:3)
  Harold (Lair:2)
  A merfolk avatar (Shoals:4)
  2 dancing weapons (Elf:2)
  A small abomination (Elf:3)
  2 sun demons (Orc:4)
  A sea snake (Shoals:4)
  2 deep elf knights
  An unseen horror (D:12)
  A hill giant (D:10)
  A deep elf conjurer (Elf:1)
  An orc knight (Orc:4)
  An ugly thing (Vaults:2)
  A manticore (Shoals:4)
  A shining eye (Slime:2)
  Joseph (D:9)
  A rust devil (Orc:4)
  A siren (Shoals:4)
  A spiny frog (Lair:2)
  A merfolk (Shoals:4)
  A troll (Orc:4)
  A blink frog (Lair:4)
  Prince Ribbit (D:9)
  25 slime creatures
  A trapdoor spider (Spider:4)
  4 deep elf magi
  A snapping turtle (Shoals:4)
  A vampire (Vaults:2)
  6 deep elf fighters
  2 wolves (Lair:3)
  A steam dragon (D:10)
  A hippogriff (D:9)
  An orc warrior (D:12)
  2 spiders (Lair:3)
  An ogre (D:7)
  A centaur (D:9)
  A killer bee (D:8)
  2 crimson imps (D:12)
  8 jellies
  4 orc priests
  A giant frog skeleton (D:13)
  An iguana (Lair:3)
  2 orc wizards (Orc:1)
  5 worker ants
  2 gnolls (D:2)
  3 worms
  27 orcs
  A bat (D:2)
  A goblin (Orc:1)
  3 hobgoblins
  A kobold (D:10)
  A quokka (D:12)
  3 jackals (D:1)
  2 rats
  5 ballistomycetes
  A crawling corpse (Elf:3)
  3 tentacles (Shoals:4)
164 creatures vanquished.

Vanquished Creatures (others)
  3 spellforged servitors
  4 mana vipers
  3 fire elementals
  2 air elementals
  3 redbacks
  6 trapdoor spiders
  2 spiders (Spider:1)
  A centaur (Lair:1)
  2 lost souls (Elf:3)
  A crimson imp (D:2)
  A gnoll (D:2)
  An adder (D:2)
  An orc (D:9)
  2 goblins (D:2)
  A rat (D:2)
  A ballistomycete (D:11)
  10 fungi
  14 plants
  50 tentacle segments (Shoals:4)
108 creatures vanquished.

Grand Total: 1912 creatures vanquished

Notes
Turn   | Place    | Note
--------------------------------------------------------------
     0 | D:1      | Armakuni, the Human Wizard, began the quest for the Orb.
     0 | D:1      | Reached XP level 1. HP: 13/13 MP: 4/4
     6 | D:1      | Noticed a water moccasin
     6 | D:1      | Noticed a fire drake
     6 | D:1      | Noticed a wolf
     6 | D:1      | Noticed a black bear
   399 | D:1      | Reached XP level 2. HP: 19/19 MP: 4/6
   652 | D:1      | Learned a level 2 spell: Call Imp
  1389 | D:2      | Reached XP level 3. HP: 11/24 MP: 2/7
  1496 | D:2      | Learned a level 3 spell: Mephitic Cloud
  1504 | D:2      | Learned a level 2 spell: Blink
  2100 | D:2      | Reached skill level 1 in Air Magic
  2100 | D:2      | Reached skill level 1 in Poison Magic
  2100 | D:2      | Reached XP level 4. HP: 30/30 MP: 1/8
  2720 | D:2      | Reached XP level 5. HP: 21/35 MP: 4/9
  2910 | D:3      | Noticed Upjohns's ghost (average MiFi)
  3456 | D:3      | Reached skill level 1 in Evocations
  3879 | D:4      | Learned a level 3 spell: Conjure Flame
  3895 | D:4      | Reached XP level 6. HP: 35/42 MP: 8/11
  3904 | D:4      | Reached skill level 1 in Short Blades
  4056 | D:4      | Reached skill level 1 in Fighting
  4595 | D:4      | Reached XP level 7. HP: 43/48 MP: 8/12
  5179 | D:5      | Entered Level 5 of the Dungeon
  5181 | D:5      | Noticed Duvessa
  5184 | D:5      | Noticed Dowan
  5260 | D:4      | Reached skill level 1 in Fire Magic
  5431 | D:5      | Killed Duvessa
  5437 | D:5      | Killed Dowan
  5570 | D:5      | Learned a level 2 spell: Repel Missiles
  5777 | D:5      | Noticed Viceroy's ghost (average KoHu)
  5812 | D:5      | Killed Viceroy's ghost
  5812 | D:5      | Reached skill level 4 in Short Blades
  5812 | D:5      | Reached XP level 8. HP: 54/54 MP: 10/13
  5865 | D:5      | Found a runed door.
  5877 | D:5      | Found a runed door.
  6101 | D:5      | Found a staircase to the Ecumenical Temple.
  6116 | Temple   | Entered the Ecumenical Temple
  6216 | Temple   | Became a worshipper of Vehumet
  6704 | D:5      | Noticed Pikel
  6704 | D:5      | Paralysed by Pikel for 6 turns
  7124 | D:6      | Reached XP level 9. HP: 56/62 MP: 12/16
  7137 | D:6      | Reached skill level 5 in Spellcasting
  7187 | D:6      | Found a deep blue altar of Sif Muna.
  7260 | D:6      | Learned a level 5 spell: Summon Mana Viper
  7275 | D:6      | Reached skill level 1 in Hexes
  7528 | D:6      | Found Pemustrin's Jewellery Shop.
  7690 | D:7      | Acquired Vehumet's first power
  7690 | D:7      | Offered knowledge of Sting by Vehumet.
  7789 | D:6      | Bought an uncursed amulet of regeneration for 360 gold pieces
  8651 | D:8      | Reached skill level 5 in Summonings
  8651 | D:8      | Reached XP level 10. HP: 69/69 MP: 13/17
  8693 | D:8      | Found a staircase to the Lair.
  8707 | D:8      | Offered knowledge of Throw Flame by Vehumet.
  8711 | D:8      | Reached skill level 5 in Hexes
  8719 | D:8      | Learned a level 3 spell: Gell's Gravitas
  8910 | D:8      | Reached skill level 6 in Hexes
  9427 | Lair:1   | Entered Level 1 of the Lair of Beasts
  9512 | Lair:1   | Offered knowledge of Ignite Poison by Vehumet.
  9535 | Lair:1   | Noticed a five-headed hydra
  9547 | Lair:1   | Killed a five-headed hydra
  9678 | Lair:1   | Reached skill level 7 in Hexes
 10222 | Lair:1   | Acquired Vehumet's second power
 10503 | D:9      | Found a flagged portal.
 10531 | D:9      | Reached XP level 11. HP: 74/74 MP: 18/18
 10581 | D:9      | Noticed Joseph
 10705 | D:9      | Offered knowledge of Force Lance by Vehumet.
 10995 | D:9      | Noticed Prince Ribbit
 11005 | D:9      | Killed Prince Ribbit
 11140 | D:9      | Noticed Psyche
 11160 | D:9      | Killed Psyche
 11196 | D:9      | Killed Joseph
 11304 | D:9      | Acquired Vehumet's third power
 11492 | D:10     | Entered Level 10 of the Dungeon
 11531 | D:10     | Learned a level 6 spell: Bolt of Fire
 11582 | D:10     | Noticed a hill giant
 11595 | D:10     | Killed a hill giant
 11654 | D:10     | Identified a scroll of acquirement
 11771 | D:10     | Offered knowledge of Airstrike by Vehumet.
 12118 | D:10     | Noticed a skeletal warrior
 12118 | D:10     | Noticed a skeletal warrior
 12118 | D:10     | Noticed a skeletal warrior
 12118 | D:10     | Noticed a skeletal warrior
 12150 | D:10     | HP: 1/74 [skeletal warrior/halberd (19)]
 12303 | D:10     | Noticed a hill giant
 12315 | D:10     | Killed a hill giant
 12344 | D:10     | Noticed a hill giant
 12362 | D:10     | Killed a hill giant
 12499 | D:10     | Found a portal to a secret trove of treasure.
 12868 | Lair:1   | Reached skill level 5 in Conjurations
 13040 | Lair:1   | Found a shimmering altar of Xom.
 13185 | Lair:2   | Noticed Harold
 13212 | Lair:2   | Killed Harold
 13212 | Lair:2   | Reached skill level 5 in Fire Magic
 13454 | Lair:2   | Reached skill level 8 in Spellcasting
 13468 | Lair:2   | Learned a level 5 spell: Fireball
 13486 | Lair:2   | Noticed a six-headed hydra
 13533 | Lair:1   | Noticed a spiny frog
 13540 | Lair:1   | Killed a spiny frog
 13694 | Lair:2   | Reached XP level 12. HP: 78/80 MP: 24/24
 13736 | Lair:2   | Killed a six-headed hydra
 14486 | Lair:3   | Noticed a six-headed hydra
 14677 | Lair:3   | Noticed a seven-headed hydra
 14767 | Lair:3   | Noticed a death yak
 14767 | Lair:3   | Noticed a death yak
 14768 | Lair:3   | Noticed a death yak
 14768 | Lair:3   | Noticed a death yak
 14861 | Lair:3   | Killed a six-headed hydra
 15106 | Lair:2   | Killed a death yak
 15292 | Lair:3   | Killed a seven-headed hydra
 15463 | Lair:3   | Found a hole to the Spider Nest.
 15471 | Lair:3   | Offered knowledge of Venom Bolt by Vehumet.
 15633 | Lair:3   | Noticed a death yak
 15647 | Lair:3   | Killed a death yak
 15648 | Lair:3   | Killed a death yak
 15883 | Lair:4   | Reached XP level 13. HP: 72/85 MP: 10/25
 16116 | Lair:4   | Found a labyrinth entrance.
 16158 | Lab      | Entered a labyrinth
 16567 | Lab      | Reached skill level 9 in Spellcasting
 16942 | Lab      | Noticed a minotaur
 16946 | Lab      | Killed a minotaur
 17000 | Lab      | Identified the Reference Book on Scorching Conjuration
 17356 | Lair:4   | Reached skill level 10 in Spellcasting
 17599 | Lair:4   | Noticed a seven-headed hydra
 17609 | Lair:4   | Killed a seven-headed hydra
 17829 | Lair:5   | Reached skill level 11 in Spellcasting
 18059 | Lair:5   | Learned a level 5 spell: Iskenderun's Battlesphere
 18144 | Lair:5   | Reached skill level 1 in Charms
 18441 | Lair:5   | Learned a level 7 spell: Delayed Fireball
 18682 | Lair:5   | Drew Focus: Int increased to 25, Str decreased to 7
 19330 | Lair:6   | Gained mutation: Your system is resistant to poisons. [potion of mutation]
 19330 | Lair:6   | Gained mutation: Your flesh is heat resistant. [potion of mutation]
 19330 | Lair:6   | Gained mutation: You are partially covered in molten scales (AC +1). [potion of mutation]
 19366 | Lair:6   | Found a staircase to the Shoals.
 21002 | Lair:7   | Noticed Snorg
 21013 | Lair:7   | Killed Snorg
 21204 | Lair:7   | Noticed Nessos
 21215 | Lair:7   | Killed Nessos
 21215 | Lair:7   | Reached skill level 10 in Conjurations
 21215 | Lair:7   | Reached skill level 10 in Fire Magic
 21215 | Lair:7   | Reached XP level 14. HP: 79/91 MP: 26/29
 21688 | Lair:7   | Found a staircase to the Slime Pits.
 21689 | Lair:7   | Found a viscous altar of Jiyva.
 21746 | Lair:7   | Learned a level 3 spell: Regeneration
 22045 | Lair:8   | Entered Level 8 of the Lair of Beasts
 23444 | Lair:8   | Offered knowledge of Throw Icicle by Vehumet.
 23697 | Lair:8   | Reached skill level 12 in Fire Magic
 24236 | Lair:8   | Reached skill level 5 in Evocations
 24420 | Lair:8   | Reached XP level 15. HP: 97/97 MP: 10/30
 24679 | Lair:3   | Killed a death yak
 24725 | Lair:3   | Killed a death yak
 25262 | D:10     | Learned a level 4 spell: Cause Fear
 25289 | D:10     | Noticed a skeletal warrior
 25302 | D:10     | Killed a skeletal warrior
 25354 | D:10     | Killed a skeletal warrior
 25668 | D:11     | Killed a skeletal warrior
 26639 | D:12     | Offered knowledge of Poison Arrow by Vehumet.
 26915 | D:12     | Found a staircase to the Orcish Mines.
 27482 | Orc:1    | Entered Level 1 of the Orcish Mines
 27482 | Orc:1    | Found a deep blue altar of Sif Muna.
 27516 | Orc:1    | Identified Sif Muna's Volume of the Voyage
 27519 | Orc:1    | Learned a level 1 spell: Apportation
 27675 | Orc:3    | Offered knowledge of Spellforged Servitor by Vehumet.
 27685 | Orc:3    | Found a staircase to the Elven Halls.
 27712 | Orc:4    | Entered Level 4 of the Orcish Mines
 27933 | Orc:4    | Found Amounion's Magic Scroll Boutique.
 28055 | Orc:4    | Found Zewk's Magic Scroll Boutique.
 28163 | Orc:4    | Found Muskof's Distillery.
 28331 | Orc:4    | Found Fuehuur's Weapon Emporium.
 28624 | Orc:4    | Offered knowledge of Iron Shot by Vehumet.
 28779 | Orc:4    | Reached XP level 16. HP: 81/103 MP: 6/31
 28833 | Orc:4    | Found Ycrily's Gadget Shoppe.
 28833 | Orc:4    | Found a one-way gate leading to the halls of Pandemonium.
 28833 | Orc:4    | Found Zakh's Antique Armour Emporium.
 28835 | Orc:4    | Bought a plain deck of wonders for 196 gold pieces
 28837 | Orc:4    | Bought a dull robe for 148 gold pieces
 28837 | Orc:4    | Bought an embroidered hat for 104 gold pieces
 28871 | Orc:4    | Identified the cursed +0 robe of Inviolability {rElec Int+2} (You bought it in a shop on level 4 of the Orcish Mines)
 28880 | Orc:4    | Drew Focus: Int increased to 27, Str decreased to 7
 28881 | Orc:4    | Drew Focus: Int increased to 28, Str decreased to 6
 28885 | Orc:4    | Drew Focus: Int increased to 29, Str decreased to 5
 28927 | Orc:4    | Bought a potion of experience for 650 gold pieces
 28927 | Orc:4    | Bought a potion of heal wounds for 65 gold pieces
 28927 | Orc:4    | Bought a potion of heal wounds for 65 gold pieces
 28927 | Orc:4    | Bought a potion of magic for 104 gold pieces
 28927 | Orc:4    | Reached XP level 17. HP: 108/108 MP: 33/33
 28936 | Orc:4    | Learned a level 6 spell: Iron Shot
 28965 | Orc:4    | Found Plog's Food Shop.
 28970 | Orc:4    | Bought a bread ration for 60 gold pieces
 28970 | Orc:4    | Bought a meat ration for 60 gold pieces
 28970 | Orc:4    | Bought a meat ration for 60 gold pieces
 28970 | Orc:4    | Bought a bread ration for 60 gold pieces
 28970 | Orc:4    | Bought a bread ration for 60 gold pieces
 28970 | Orc:4    | Bought a meat ration for 60 gold pieces
 29207 | Elf:1    | Entered Level 1 of the Elven Halls
 29210 | Elf:1    | Reached skill level 1 in Earth Magic
 29357 | Elf:1    | Noticed Asterion
 29375 | Elf:1    | Killed Asterion
 29787 | Elf:1    | Reached skill level 5 in Earth Magic
 29971 | Elf:1    | Reached skill level 1 in Shields
 29994 | Elf:1    | Got a brightly glowing scimitar
 29995 | Elf:1    | Identified the +0 scimitar of Sigren Geic {freeze, MR+ Stlth+} (You found it on level 1 of the Elven Halls)
 30291 | Elf:2    | Reached skill level 5 in Shields
 30494 | Elf:2    | Found a runed gate.
 30494 | Elf:2    | Found a runed gate.
 30494 | Elf:2    | Found a runed gate.
 30516 | Elf:2    | Noticed a deep elf blademaster
 30522 | Elf:2    | Killed a deep elf blademaster
 30534 | Elf:2    | Reached skill level 5 in Dodging
 30557 | Elf:2    | HP: 3/113 [scimitar of slicing (3)]
 30995 | Orc:2    | Offered knowledge of Ozocubu's Refrigeration by Vehumet.
 31753 | Orc:3    | Reached skill level 5 in Fighting
 32017 | Orc:4    | Bought a plain deck of wonders for 196 gold pieces
 32030 | Orc:4    | Lost mutation: Your flesh is heat resistant. [helix card]
 32030 | Orc:4    | Gained mutation: Your magical capacity is low (-10% MP). [helix card]
 32037 | Orc:4    | Drew Focus: Int increased to 30, Str decreased to 4
 32052 | Orc:4    | Lost mutation: Your magical capacity is low (-10% MP). [helix card]
 32373 | Spider:1 | Entered Level 1 of the Spider Nest
 32481 | Spider:1 | Reached skill level 13 in Spellcasting
 32697 | Spider:1 | Noticed Frances
 32870 | Spider:1 | Killed Frances
 33313 | D:13     | Offered knowledge of Orb of Destruction by Vehumet.
 33529 | D:13     | Learned a level 7 spell: Orb of Destruction
 33538 | D:13     | Found a gate to the Vaults.
 33540 | D:13     | Reached XP level 18. HP: 111/121 MP: 30/35
 33576 | D:13     | Found Egorch's General Store.
 34217 | D:13     | Reached skill level 14 in Spellcasting
 34266 | D:13     | Got a bloodstained shortbow
 34274 | D:13     | Identified the cursed +0 shortbow of Punishment {speed, Int+3} (You found it on level 13 of the Dungeon)
 34301 | D:13     | Got a pair of crude boots
 34312 | D:13     | Identified the +2 pair of boots of Midsummer {Stlth+} (You found it on level 13 of the Dungeon)
 34323 | D:13     | Got an iridescent war axe
 34324 | D:13     | Identified the cursed +1 war axe of Scorn {chop, rElec Dex+3 SInv} (You found it on level 13 of the Dungeon)
 34346 | D:13     | Got a fine buckler
 34357 | D:13     | Identified the +1 buckler of Wonder {rC+} (You found it on level 13 of the Dungeon)
 34360 | D:13     | Got a bronze leather armour
 34371 | D:13     | Identified the +2 leather armour of Creativity {rElec rF+ Dex+4} (You found it on level 13 of the Dungeon)
 34409 | D:13     | Found an iron altar of Okawaru.
 34467 | D:13     | Got a bloodstained rapier
 34468 | D:13     | Identified the +8 rapier "Negaseku" {pierce, rC+ Str+5 Dex+2} (You found it on level 13 of the Dungeon)
 34694 | Lair:1   | Upgraded the game from 0.17-a0-931-g11a8995 to 0.17-a0-945-g601bd79
 35196 | Spider:1 | Noticed Roxanne
 35317 | Spider:1 | Killed Roxanne
 35363 | Spider:1 | Identified Roxanne's Almanac of the Rocks and Moulding (You took it off Roxanne on level 1 of the Spider Nest)
 35368 | Spider:1 | Learned a level 3 spell: Flight
 35414 | Spider:1 | Noticed Donald
 35418 | Spider:1 | Killed Donald
 35953 | Spider:2 | Reached skill level 15 in Spellcasting
 36007 | Spider:2 | Offered knowledge of Lehudib's Crystal Spear by Vehumet.
 36007 | Spider:2 | Offered knowledge of Fire Storm by Vehumet.
 36007 | Spider:2 | Offered knowledge of Chain Lightning by Vehumet.
 36165 | Spider:2 | Noticed Arachne
 36198 | Spider:2 | Killed Arachne
 36715 | Spider:3 | Reached skill level 16 in Spellcasting
 37428 | Spider:3 | Reached XP level 19. HP: 126/126 MP: 39/39
 37550 | Spider:3 | Noticed Mara
 37552 | Spider:3 | Noticed Armakuni's illusion
 37640 | Spider:4 | Entered Level 4 of the Spider Nest
 38313 | Spider:4 | Reached skill level 17 in Spellcasting
 38898 | Spider:4 | Got a gossamer rune of Zot
 39025 | Spider:3 | Learned a level 7 spell: Ring of Flames
 39262 | Shoals:1 | Entered Level 1 of the Shoals
 39679 | Shoals:1 | Reached skill level 5 in Charms
 40531 | Shoals:3 | Noticed Ilsuiw
 40548 | Shoals:3 | Killed Ilsuiw
 41011 | Shoals:4 | Entered Level 4 of the Shoals
 41237 | Shoals:4 | Reached XP level 20. HP: 130/133 MP: 28/41
 41275 | Shoals:4 | Identified the Papyrus of Frigorific Combat Magic (You found it on level 4 of the Shoals)
 41289 | Shoals:4 | Learned a level 7 spell: Spellforged Servitor
 41640 | Shoals:4 | Got a barnacled rune of Zot
 41687 | Shoals:4 | Found Vipuemiemp's Magic Scroll Emporium.
 41758 | Shoals:4 | Bought a scroll of identify for 32 gold pieces
 41758 | Shoals:4 | Bought a scroll of identify for 32 gold pieces
 41758 | Shoals:4 | Bought a scroll of identify for 32 gold pieces
 41758 | Shoals:4 | Bought a scroll of amnesia for 56 gold pieces
 41761 | Shoals:4 | Bought a scroll of magic mapping for 56 gold pieces
 42869 | Elf:3    | Entered Level 3 of the Elven Halls
 43259 | Elf:3    | Noticed Nikola
 43270 | Elf:3    | Killed Nikola
 43305 | Elf:3    | Found Zoas's Antique Weapon Shop.
 43468 | Elf:3    | Reached skill level 15 in Conjurations
 43511 | Elf:3    | Noticed Jorgrun
 43514 | Elf:3    | Killed Jorgrun
 43514 | Elf:3    | Reached XP level 21. HP: 131/138 MP: 19/42
 43516 | Elf:3    | Reached skill level 15 in Fire Magic
 43709 | Elf:3    | Got a brightly glowing shortbow
 43718 | Elf:3    | Learned a level 1 spell: Summon Butterflies
 43726 | Elf:3    | Identified the Guide on Evil Rituals
 43733 | Elf:3    | Got a pair of steaming gloves
 43739 | Elf:3    | Identified the +1 pair of gloves "Fuon" {Regen+ Int+6} (You found it on level 3 of the Elven Halls)
 43805 | Elf:3    | Got a pitted ruby amulet
 43807 | Elf:3    | Identified the amulet of the Sybil {Ward rN+ MR+ Stlth+} (You found it on level 3 of the Elven Halls)
 43820 | Elf:3    | Got a twisted quarterstaff
 43826 | Elf:3    | Identified the +9 quarterstaff "Demonbane" {crush, Str+4 SInv} (You found it on level 3 of the Elven Halls)
 43870 | Elf:3    | Identified a +5 rod of destruction (10/10) (You took it off a deep elf sorcerer on level 3 of the Elven Halls)
 43873 | Elf:3    | Identified the Papyrus of Augmentations (You found it on level 3 of the Elven Halls)
 43878 | Elf:3    | Identified the Volume of Unholy Secrets (You found it on level 3 of the Elven Halls)
 43943 | Elf:3    | Identified the Incunabulum of Black Secrets (You found it on level 3 of the Elven Halls)
 43947 | Elf:3    | Learned a level 2 spell: Sublimation of Blood
 44506 | Shoals:4 | Got a scintillating tin ring
 44508 | Shoals:4 | Identified the ring of the Traitor {EV+2 Dex+2 Slay+2} (You took it off a merfolk on level 4 of the Shoals)
 44773 | Slime:1  | Entered Level 1 of the Pits of Slime
 44844 | Slime:2  | Gained mutation: You are clumsy. (Dex -2) [a shining eye]
 44845 | Slime:2  | Gained mutation: Your body sometimes deteriorates upon taking damage. [a shining eye]
 45099 | Slime:6  | Entered Level 6 of the Pits of Slime
 45124 | Slime:6  | Noticed the royal jelly
 45372 | Slime:5  | Reached XP level 22. HP: 144/144 MP: 33/43
 45491 | Slime:6  | Found a viscous altar of Jiyva.
 45580 | Slime:6  | Killed the royal jelly
 45783 | Slime:6  | Identified the Tome of Entrancing Translocation
 45792 | Slime:6  | Got a slimy rune of Zot
 45806 | Slime:6  | Identified the Volume of Frigorific Hexes
 45811 | Slime:6  | Identified the Guide on Ice
 45927 | Slime:6  | Got an encrusted dagger
 45930 | Slime:6  | Identified the +2 dagger of the Nexus {holy, MR- Int+5} (You found it on level 6 of the Pits of Slime)
 45947 | Slime:6  | Learned a level 4 spell: Control Teleport
 46327 | Vaults:1 | Entered Level 1 of the Vaults
 46515 | Vaults:1 | Noticed Norris
 46528 | Vaults:1 | Killed Norris
 46767 | Vaults:1 | Got a slimy ivory amulet
 46769 | Vaults:1 | Identified the amulet "Rebbeg" {Gourm Str+4} (You found it on level 1 of the Vaults)
 47766 | Vaults:2 | Upgraded the game from 0.17-a0-945-g601bd79 to 0.17-a0-957-ga3519be
 47927 | Vaults:2 | Reached skill level 18 in Conjurations
 47956 | Vaults:2 | Found a staircase to the Crypt.
 48068 | Vaults:2 | Noticed Boris
 48075 | Vaults:2 | Blown up by Boris

Action                   |  1- 3 |  4- 6 |  7- 9 | 10-12 | 13-15 | 16-18 | 19-21 | 22-24 || total
-------------------------+-------+-------+-------+-------+-------+-------+-------+-------++-------
Melee: Unarmed           |    22 |     1 |       |       |     2 |       |       |       ||    25
       Dagger            |       |    52 |     5 |    48 |     4 |     4 |       |       ||   113
       Short sword       |       |    75 |   384 |   521 |   143 |       |       |       ||  1123
       Staff             |       |       |       |       |    54 |     1 |    14 |     1 ||    70
       Demon blade       |       |       |       |       |       |   156 |       |       ||   156
       Rapier            |       |       |       |       |       |    13 |       |       ||    13
       War axe           |       |       |       |       |       |       |     1 |       ||     1
Throw: Stone             |     3 |       |       |       |       |       |       |       ||     3
       Tomahawk          |       |       |     2 |       |       |       |       |       ||     2
       Throwing net      |       |       |     1 |     5 |     1 |       |       |       ||     7
 Cast: Magic Dart        |    50 |    36 |       |       |       |       |       |       ||    86
       Call Imp          |    11 |     9 |       |       |       |       |       |       ||    20
       Mephitic Cloud    |     1 |    16 |    27 |    46 |     1 |       |       |       ||    91
       Conjure Flame     |       |       |     4 |    16 |     3 |       |       |       ||    23
       Repel Missiles    |       |       |     1 |     2 |     1 |     3 |     2 |     1 ||    10
       Blink             |       |       |     1 |    15 |    36 |    13 |    18 |     3 ||    86
       Summon Mana Viper |       |       |       |    13 |    25 |     5 |       |       ||    43
       Gell's Gravitas   |       |       |       |     7 |       |       |       |       ||     7
       Fireball          |       |       |       |    35 |   287 |   172 |   199 |    68 ||   761
       Bolt of Fire      |       |       |       |    10 |   169 |    98 |   168 |    61 ||   506
       Iskenderun's Batt |       |       |       |       |    69 |    77 |    97 |    30 ||   273
       Regeneration      |       |       |       |       |     4 |     3 |    17 |     3 ||    27
       Delayed Fireball  |       |       |       |       |     1 |     1 |     1 |       ||     3
       Cause Fear        |       |       |       |       |     1 |     2 |       |       ||     3
       Iron Shot         |       |       |       |       |       |    89 |    31 |       ||   120
       Orb of Destructio |       |       |       |       |       |    17 |    35 |     8 ||    60
       Apportation       |       |       |       |       |       |     1 |    12 |       ||    13
       Flight            |       |       |       |       |       |       |    45 |       ||    45
       Spellforged Servi |       |       |       |       |       |       |    22 |    16 ||    38
       Ring of Flames    |       |       |       |       |       |       |    11 |     4 ||    15
       Sublimation of Bl |       |       |       |       |       |       |     6 |    18 ||    24
       Summon Butterflie |       |       |       |       |       |       |     1 |       ||     1
       Control Teleport  |       |       |       |       |       |       |       |     2 ||     2
 Abil: Evoke Teleportati |       |       |       |       |     1 |       |       |       ||     1
       Release Delayed F |       |       |       |       |       |     2 |     1 |       ||     3
Evoke: Wand              |       |       |     7 |    26 |    15 |     6 |    17 |     4 ||    75
       Deck              |       |       |       |     2 |     5 |    18 |     4 |       ||    29
       Staff of energy   |       |       |       |       |   370 |   521 |   605 |   175 ||  1671
       Sack of spiders   |       |       |       |       |     4 |     1 |     1 |       ||     6
       Fan of gales      |       |       |       |       |     1 |     1 |     1 |       ||     3
       Lamp of fire      |       |       |       |       |     1 |       |     2 |       ||     3
       Rod               |       |       |       |       |       |       |     3 |       ||     3
  Use: Scroll            |       |    10 |    10 |     7 |    17 |    14 |    12 |     3 ||    73
       Potion            |       |       |     1 |       |     8 |     9 |       |     5 ||    23
 Stab: Sleeping          |     1 |     2 |     6 |     7 |     1 |       |       |       ||    17
       Confused          |       |     7 |    19 |    26 |     1 |       |       |       ||    53
       Distracted        |       |     1 |       |       |     1 |       |     1 |       ||     3
       Held in net/web   |       |       |       |     2 |       |       |       |       ||     2
       Paralysed         |       |       |       |       |     2 |       |       |       ||     2
  Eat: Chunk             |     4 |     4 |    15 |    26 |   151 |    72 |    32 |       ||   304
       Meat ration       |       |     1 |       |     1 |     2 |     2 |     4 |     2 ||    12
       Beef jerky        |       |     1 |       |     9 |     5 |     3 |     1 |     1 ||    20
       Fruit             |       |       |     1 |     3 |       |     9 |     4 |     4 ||    21
       Pizza             |       |       |     1 |     1 |       |       |     1 |       ||     3
       Royal jelly       |       |       |       |       |     2 |     2 |     1 |       ||     5
